 Dungeon Crawl Stone Soup version 0.16-a0-4127-g24fbb24 (webtiles) character file.

87 timbw the Chiller (level 4, 0/27 HPs)
             Began as a High Elf Ice Elementalist on Mar 2, 2015.
             Slain by a worker ant (5 damage)
             ... on level 5 of the Dungeon.
             The game lasted 00:05:22 (1085 turns).

timbw the Chiller (High Elf Ice Elementalist)       Turns: 1085, Time: 00:05:22

Health: 0/27       AC:  3    Str:  7    XL:     4   Next: 28%
Magic:  19/22      EV: 12    Int: 20    God:
Gold:   86         SH:  0    Dex: 15    Spells: 2 memorised, 7 levels left

rFire  x . .     SeeInvis .     e - -2 short sword (curse)
rCold  + . .     Clarity  .     a - +0 robe
rNeg   . . .     SustAb   .     (no shield)
rPois  .         Gourm    .     (no helmet)
rElec  .         Spirit   .     (no cloak)
rCorr  .         Warding  .     (no gloves)
rMut   .         Stasis   .     l - +0 pair of boots
MR     .....                    (no amulet)
Stlth  ++........               i - ring of ice
                                d - ring of magical power

@: not resistant to hostile enchantments, unstealthy
A: no striking features
a: no special abilities


You were on level 5 of the Dungeon.
You were not hungry.

You visited 1 branch of the dungeon, and saw 5 of its levels.

You collected 86 gold pieces.

Inventory:

Hand weapons
 e - a cursed -2 short sword (weapon)
Armour
 a - a +0 robe (worn)
 h - a +0 pair of boots
 l - a +0 pair of boots (worn)
Jewellery
 d - a ring of magical power (left hand)
 i - a ring of ice (right hand)
Potions
 k - 2 potions of curing
 m - a potion of magic {unknown}
 n - a potion of might {unknown}
 o - a potion of agility {unknown}
 p - a potion of brilliance {unknown}
 q - a potion of haste {unknown}
 r - a potion of beneficial mutation {unknown}
 s - a potion of mutation {unknown}
 t - a potion of berserk rage {unknown}
Books
 b - a book of Frost

   Spells                             Type                      Level
   a - Freeze                         Ice                          1
   b - Throw Frost                    Conjuration/Ice              2
   c - Ozocubu's Armour               Charms/Ice                   3
   d - Throw Icicle                   Conjuration/Ice              4
   e - Summon Ice Beast               Ice/Summoning                4
   f - Condensation Shield            Ice                          4
Comestibles
 c - 4 bread rations
 f - 2 meat rations
 j - a slice of pizza


   Skills:
 - Level 2.1 Dodging
 - Level 2.1 Stealth
 + Level 3.6 Spellcasting
 - Level 1.1 Conjurations
 * Level 4.4 Ice Magic


You had 7 spell levels left.
You knew the following spells:

 Your Spells              Type           Power        Failure   Level  Hunger
a - Freeze                Ice            ####         2%          1    None
b - Throw Frost           Conj/Ice       ###...       10%         2    ##.....


Dungeon Overview and Level Annotations

Branches:
Dungeon (5/15)
 Temple: D:4-7

Altars:
Elyvilon
Qazlal

Annotations:
D:4 Pikel


Message History

The worker ant is moderately wounded.
The worker ant bites you.
Casting: Freeze
Confirm with . or Enter, or press ? or * to list all spells.
Aiming: Freeze
Press: ? - help, Shift-Dir - straight line, f/p - worker ant
Aim: a worker ant (moderately wounded)
You feel a surge of power!
You freeze the worker ant.
The worker ant is heavily wounded.
The worker ant bites you.
* * * LOW HITPOINT WARNING * * *
Casting: Freeze
Confirm with . or Enter, or press ? or * to list all spells.
Aiming: Freeze
Press: ? - help, Shift-Dir - straight line, f/p - worker ant
Aim: a worker ant (heavily wounded)
You feel a surge of power!
You freeze the worker ant.
The worker ant is severely wounded.
The worker ant bites you.
You die...

#....#...........#
##....#...........#
#.....'...........#
#.....#...........#
#.....#...........+ ###
###...##.####'##.##
#...###...##.####.##.###
#.............#....<...#
#.....a@......#........#
#.............+........#
#.............#........#
#.......=.....#........+
#....####+#####+####...#
.... ...# ... .... . .


You could see a worker ant.

Vanquished Creatures
  Ijyb (D:2)
  2 adders
  2 giant geckos (D:2)
  An ooze (D:2)
  A giant cockroach (D:1)
  5 hobgoblins
  2 jackals (D:2)
  A quokka (D:2)
  10 bats
  5 giant newts
  5 goblins
  8 kobolds
  6 rats
49 creatures vanquished.

Notes
Turn   | Place    | Note
--------------------------------------------------------------
     0 | D:1      | timbw, the High Elf Ice Elementalist, began the quest for the Orb.
     0 | D:1      | Reached XP level 1. HP: 11/11 MP: 4/4
   117 | D:1      | Reached XP level 2. HP: 12/17 MP: 4/6
   258 | D:2      | Noticed Ijyb
   273 | D:2      | Killed Ijyb
   273 | D:2      | Reached XP level 3. HP: 6/21 MP: 10/10
   351 | D:2      | Found a stormy altar of Qazlal.
   390 | D:2      | Found a white marble altar of Elyvilon.
   454 | D:2      | Reached skill level 4 in Ice Magic
   458 | D:2      | Learned a level 2 spell: Throw Frost
   624 | D:2      | Reached XP level 4. HP: 16/27 MP: 13/13
   841 | D:4      | HP: 1/27 [orc wizard/puff of flame (16)]
   959 | D:3      | You fall through a shaft!
   959 | D:4      | Noticed Pikel
   959 | D:4      | Noticed a slave
   959 | D:4      | Noticed a slave
   959 | D:4      | Noticed a slave
   960 | D:4      | Noticed a slave
   964 | D:5      | Entered Level 5 of the Dungeon
  1085 | D:5      | Slain by a worker ant

Action                   |  1- 3 |  4- 6 || total
-------------------------+-------+-------++-------
Melee: Short sword       |     7 |     1 ||     8
 Cast: Freeze            |    52 |    14 ||    66
  Use: Scroll            |     3 |     1 ||     4
 Stab: Sleeping          |     1 |       ||     1
